 Dungeon Crawl Stone Soup version 0.20-a0-296-gf222164 (webtiles) character file.

455 mopl the Stinger (level 6, -10/32 HPs)
             Began as a Deep Elf Venom Mage on Dec 14, 2016.
             Mangled by Menkaure (16 damage)
             ... on level 4 of the Dungeon.
             The game lasted 00:06:03 (3136 turns).

mopl the Stinger (Deep Elf Venom Mage)              Turns: 3136, Time: 00:06:04

Health: -10/32     AC:  5    Str:  5    XL:     6   Next: 76%
Magic:  20/25      EV: 13    Int: 24    God:
Gold:   245        SH:  0    Dex: 15    Spells: 2/15 levels left

rFire  . . .     SeeInvis .     d - +2 hunting sling (flame)
rCold  . . .     Gourm    .     E - +0 robe of Light {Int+2} (curse)
rNeg   . . .     Faith    .     (no shield)
rPois  .         Spirit   .     i - +0 helmet
rElec  .         Reflect  .     w - +0 cloak
rCorr  .         Harm     .     H - +0 pair of gloves
MR     .....                    (no boots)
Stlth  ++........               (no amulet)
                                (no ring)
                                f - ring of magical power

@: no status effects
A: no striking features
a: no special abilities


You were on level 4 of the Dungeon.
You were not hungry.

You visited 1 branch of the dungeon, and saw 4 of its levels.

You collected 245 gold pieces.

Inventory:

Hand Weapons
 d - a +2 hunting sling of flaming (weapon)
 B - a +0 blowgun
 C - a +3 dagger of venom
 D - a +0 rapier
Missiles
 e - 125 stones (quivered)
 m - 18 poisoned needles
 u - 5 curare-tipped needles
 x - 2 throwing nets
Armour
 i - a +0 helmet (worn)
 w - a +0 cloak (worn)
 E - the cursed +0 robe of Light (worn) {Int+2}
   (You found it on level 4 of the Dungeon)

   It affects your intelligence (+2).
   It has a curse placed upon it.
 H - a +0 pair of gloves (worn)
Jewellery
 f - a ring of magical power (left hand)
Wands
 t - a wand of teleportation (4/9)
Scrolls
 g - 5 scrolls of fog {unknown}
 j - 4 scrolls of remove curse {unknown}
 l - 2 scrolls of amnesia {unknown}
 o - 4 scrolls of identify {unknown}
 v - a scroll of enchant weapon {unknown}
 y - a scroll of magic mapping {unknown}
 F - a scroll of blinking {unknown}
Potions
 a - a potion of brilliance {unknown}
 h - a potion of flight
 k - a potion of haste {unknown}
 p - a potion of heal wounds {unknown}
 q - a potion of curing
 s - 2 potions of berserk rage {unknown}
 A - a potion of lignification {unknown}
Books
 b - a Young Poisoner's Handbook

   Spells                             Type                      Level
   a - Sting                          Conjuration/Poison           1
   b - Mephitic Cloud                 Conjuration/Poison/Air       3
   c - Olgreb's Toxic Radiance        Poison                       4
   d - Alistair's Intoxication        Transmutation/Poison         5
   e - Venom Bolt                     Conjuration/Poison           5
Comestibles
 c - 5 bread rations
 n - 2 meat rations
 r - 2 chunks of flesh
 z - a slice of pizza
 G - a beef jerky


   Skills:
 - Level 2.4 Dodging
 - Level 2.4 Stealth
 + Level 5.3 Spellcasting
 + Level 3.4 Conjurations
 * Level 7.2 Poison Magic


You had 2 spell levels left.
You knew the following spells:

 Your Spells              Type           Power        Failure   Level  Hunger
a - Sting                 Conj/Pois      ####         1%          1    None
b - Olgreb's Toxic Radia  Pois           #####...     4%          4    ####...
c - Venom Bolt            Conj/Pois      ####......   28%         5    #####..
d - Mephitic Cloud        Conj/Pois/Air  ###.....     10%         3    ##.....


Dungeon Overview and Level Annotations

Branches:
Dungeon (4/15)
 Temple: D:4-7

Altars:
Trog

Annotations:
D:4 Menkaure


Message History

You shoot a stone. The stone hits Menkaure.
The stone burns Menkaure.
Menkaure is heavily damaged.
Menkaure hits you!!
Ouch! That really hurt!
* * * LOW HITPOINT WARNING * * *
Unknown command.
Firing (i - inventory. (,) - cycle):
e - 127 stones (quivered)
Press: ? - help, Shift-Dir - straight line, f/p - Menkaure
Aim: Menkaure (heavily damaged)
You shoot a stone.
The stone hits Menkaure but does no damage.
Menkaure is heavily damaged.
Menkaure barely misses you.
Unknown command.
Firing (i - inventory. (,) - cycle):
e - 126 stones (quivered)
Press: ? - help, Shift-Dir - straight line, f/p - Menkaure
Aim: Menkaure (heavily damaged)
You shoot a stone. The stone barely misses Menkaure.
Menkaure hits you!
Ouch! That really hurt!
You die...

#.#...........................<#
#.#.####.#######.#.#.##...##.#.#
#.#>.<..........................
##.###.##.#.#####.###.##...##.#..
.......).)#.# #.............#..
........).#.# #####.##.#.......
#.......#.#.# #.##.#.##....
#..##.#.#.#.####### #.#.......#.#
...##.#.#.#.....@.# #.####.####.#
#.....#.#.#######M# .. ... ..
#.....#.#†# (# #.. . #.......#.#
(# #### # #..#....... ..
#.....####. .# #.......... .#
#.#...#### .# #.#...#


You could see Menkaure.

Vanquished Creatures
  2 big kobolds (D:3)
  A howler monkey (D:4)
  2 hounds (D:4)
  7 gnolls
  5 adders
  5 worms
  3 dart slugs
  6 leopard geckos
  2 orcs (D:3)
  A ball python (D:1)
  7 giant cockroaches
  4 goblins
  9 hobgoblins
  5 jackals
  11 kobolds
  4 quokkas
  7 bats
  8 frilled lizards
  8 rats
97 creatures vanquished.

Notes
Turn   | Place    | Note
-------+----------+-------------------------------------------
     0 | D:1      | mopl the Deep Elf Venom Mage began the quest for the Orb.
     0 | D:1      | Reached XP level 1. HP: 10/10 MP: 6/6
   421 | D:1      | Reached XP level 2. HP: 15/15 MP: 2/8
   568 | D:1      | Reached skill level 1 in Conjurations
   796 | D:1      | Reached skill level 5 in Poison Magic
  1195 | D:1      | Reached XP level 3. HP: 19/19 MP: 9/9
  1200 | D:1      | Learned a level 3 spell: Mephitic Cloud
  1361 | D:2      | Found a bloodstained altar of Trog.
  1474 | D:2      | Reached XP level 4. HP: 24/24 MP: 11/11
  1498 | D:2      | Reached skill level 2 in Conjurations
  1549 | D:2      | Learned a level 4 spell: Olgreb's Toxic Radiance
  1863 | D:2      | Reached skill level 4 in Spellcasting
  2028 | D:3      | Reached XP level 5. HP: 28/28 MP: 13/13
  2404 | D:3      | Reached skill level 6 in Poison Magic
  2608 | D:3      | Reached skill level 3 in Conjurations
  2608 | D:3      | Reached XP level 6. HP: 20/32 MP: 5/15
  2715 | D:3      | Learned a level 5 spell: Venom Bolt
  2837 | D:4      | Reached skill level 5 in Spellcasting
  2901 | D:4      | Got a thick robe
  2912 | D:4      | Identified the cursed +0 robe of Light {Int+2} (You found it on level 4 of the Dungeon)
  2938 | D:4      | Reached skill level 7 in Poison Magic
  3121 | D:4      | Noticed Menkaure
  3136 | D:4      | Mangled by Menkaure

Vault maps used:
D:1:      dpeg_arrival_brainrot, hangedman_glass_teeth
D:2:      grunt_ministairs_9, nrook_loot_triangle, minmay_liquid_box, trog_book
D:3:      cheibrodos_thug_alley, first_bread
D:4:      uniq_menkaure

Skill      XL: |  1  2  3  4  5  6 |
---------------+-------------------+-----
Conjurations   | 1 2 3 |  3.4
Poison Magic   | 5 6 7 |  7.2
Spellcasting   | 4 5 |  5.3
Dodging        | |  2.4
Stealth        | |  2.4

Action                   |  1- 3 |  4- 6 || total
-------------------------+-------+-------++-------
 Fire: Hunting sling     |       |     7 ||     7
 Cast: Sting             |    69 |   159 ||   228
       Olgreb's Toxic Ra |       |     6 ||     6
  Use: Potion            |       |     2 ||     2
  Eat: Chunk             |     1 |     7 ||     8
Armor: Robe              |     1 |     4 ||     5
Dodge: Dodged            |    10 |    32 ||    42
